Map: Green Acres

Players

A.I. 1 (Very Easy)

  • Race: Zerg Zerg
  • Spawn Location: 9:00

larsgj - Winner!

  • Race: Terran Terran
  • Spawn Location: 1:00

VOD

Have the link to the VOD?

Description

Time

  • Played on: Aug. 1, 2021, 1:31 p.m.
  • Length: 18:39
Show
View Real Time Build Order
Export as new Build Order

A.I. 1 (Very Easy) Zerg 

Build Orders: Pool First 

Get SALT Encoding   

  12  0:00  Drone  
  13  0:12  Overlord  
  13  0:17  Drone  
  14  0:36  Spawning Pool  
  14  0:37  Extractor  
  14  0:40  Drone  
  13  0:47  Drone  
  14  0:53  Overlord  
  14  1:23  Zergling x2  
  14  1:24  Queen  
  17  1:31  Roach Warren  
  16  1:35  Drone  
  16  1:39  Extractor  
  16  1:40  Zergling x2  
  16  1:43  Drone  
  18  1:56  Drone  
  18  1:57  Zergling x2  
  20  2:07  Drone  
  21  2:17  Drone  
  22  2:28  Drone  
  23  2:30  Overlord  
  23  2:35  Drone  
  24  2:42  Drone  
  25  5:38  Roach  
  25  5:39  Drone, Lair, Overlord  
  28  5:46  Drone  
  29  5:53  Drone  
  30  6:00  Drone  
  31  6:07  Drone  
  29  6:19  Roach  
  31  6:36  Overseer  
  31  6:39  Overseer  
  31  7:00  Roach  
  33  7:21  Hatchery  
  32  8:34  Drone  
  33  8:41  Drone  
  33  8:44  Zergling x2  
  33  8:46  Extractor  
  34  8:48  Drone  
  30  8:55  Drone  
  31  9:03  Drone  
  29  9:10  Drone  
  29  9:11  Extractor  
  29  9:13  Zergling x2  
  29  9:17  Drone  
  29  9:19  Overlord, Overseer  
  30  9:24  Drone  
  31  9:31  Drone  
  32  9:39  Drone  
  32  9:42  Roach  
  35  9:45  Hatchery  
  35  9:46  Drone  
  35  9:53  Drone  
  35  9:59  Extractor  
  35  10:00  Drone  
  36  10:08  Drone  
  36  10:09  Overlord  
  36  10:10  Roach  
  39  10:15  Drone  
  39  10:19  Extractor  
  39  10:22  Drone  
  40  10:29  Drone  
  41  10:36  Drone  
  42  10:43  Drone  
  43  10:51  Drone  
  43  10:55  Pneumatized Carapace  
  43  10:56  Overseer  
  43  10:57  Overlord  
  44  10:58  Spire, Drone  
  44  11:05  Drone  
  42  11:12  Drone  
  30  11:19  Drone  
  30  11:21  Zergling x2  
  23  11:27  Drone  
  20  11:34  Drone  
  20  11:41  Drone  
  20  11:48  Drone  
  20  11:50  Zergling x2  
  20  11:55  Drone  
  21  12:03  Drone  
  21  12:10  Drone  
  21  12:11  Mutalisk  
  23  12:17  Drone  
  23  12:25  Drone  
  23  12:32  Drone  
  23  12:34  Mutalisk  
  25  12:39  Drone  
  24  12:46  Drone  
  25  12:53  Drone  
  25  12:56  Mutalisk  
  26  13:00  Drone  
  27  13:08  Drone  
  26  13:15  Drone  
  26  13:18  Mutalisk  
  29  13:22  Drone  
  28  13:29  Drone  
  29  13:36  Drone  
  29  13:43  Drone  
  29  13:51  Drone  
  29  13:53  Mutalisk  
  27  13:58  Drone  
  26  14:05  Drone  
  26  14:12  Drone  
  26  14:15  Mutalisk  
  28  14:20  Drone  
  28  14:27  Drone  
  24  14:34  Drone  
  24  14:37  Mutalisk  
  23  14:41  Drone  
  23  14:44  Overlord  
  21  14:49  Drone  
  17  14:56  Drone, Overseer  
  15  15:03  Overlord  
  12  15:10  Drone  
  7  15:25  Spawning Pool  
  5  15:39  Drone  
  6  15:46  Drone  
  7  15:57  Drone  
  8  16:10  Overlord  
  8  16:12  Lair  
  8  16:15  Zergling x2  
  9  16:40  Overlord  
  9  16:41  Drone  
  10  16:49  Drone  
  11  16:58  Drone  
  12  17:05  Drone  
  13  17:09  Queen  
  13  17:12  Hydralisk Den  
  13  17:13  Drone, Overseer  
  15  17:17  Infestation Pit  
  14  17:24  Drone  
  15  17:34  Drone  
  16  17:45  Drone  
  17  17:56  Drone  
  16  18:00  Overseer  
  11  18:06  Hydralisk  
  10  18:17  Drone  
Show
View Real Time Build Order
Export as new Build Order

larsgj Terran - Winner!

Build Orders:  

Get SALT Encoding   

  12  0:03  SCV  
  13  0:15  SCV  
  13  0:17  Supply Depot  
  14  0:43  Engineering Bay  
  14  0:44  SCV  
  14  0:48  Barracks  
  15  0:56  SCV  
  16  1:08  SCV  
  17  1:12  Supply Depot  
  17  1:20  SCV  
  18  1:32  SCV  
  19  3:10  Barracks, Marine  
  20  3:18  Barracks  
  20  3:23  Refinery  
  20  3:27  Marine  
  20  3:28  SCV, Refinery  
  20  3:33  Supply Depot  
  22  3:40  SCV  
  23  3:45  Marine  
  24  3:52  SCV  
  25  3:56  Supply Depot  
  25  4:03  Marine  
  25  4:04  SCV  
  25  4:07  Barracks Tech Lab  
  27  4:14  Barracks Reactor  
  27  4:16  SCV  
  28  4:18  Supply Depot  
  28  4:21  Marine  
  29  4:28  SCV  
  30  4:31  Terran Infantry Weapons Level 1  
  30  4:40  SCV  
  31  4:54  Command Center  
  31  5:05  Command Center  
  31  5:22  SCV  
  32  5:34  SCV  
  33  5:46  SCV  
  34  5:58  SCV  
  35  6:07  Marine  
  35  6:08  Marine x3  
  35  6:10  SCV  
  39  6:11  Combat Shield  
  39  6:20  SCV  
  39  6:22  SCV  
  39  6:24  SCV  
  42  6:25  Marine  
  42  6:26  Marine x3  
  46  6:33  SCV, Terran Infantry Armor Level 1  
  46  6:37  SCV  
  48  6:43  Marine  
  48  6:44  Marine x3  
  48  6:45  Engineering Bay, SCV  
  53  6:49  SCV  
  54  6:57  SCV  
  54  7:01  SCV, Marine x4  
  60  7:09  SCV, Refinery  
  60  7:13  SCV, Refinery  
  62  7:18  Refinery  
  62  7:19  Marine x2  
  62  7:21  Refinery  
  64  7:52  SCV  
  64  7:55  SCV  
  66  8:01  SCV  
  66  8:04  SCV  
  66  8:05  Marine x4  
  69  8:07  SCV  
  73  8:13  SCV  
  73  8:16  SCV  
  73  8:19  SCV  
  76  8:23  Marine x4  
  76  8:25  SCV  
  81  8:28  SCV  
  81  8:31  SCV  
  81  8:32  Factory  
  83  8:37  SCV  
  83  8:40  SCV  
  85  8:58  Supply Depot  
  85  9:03  Marine  
  85  9:05  SCV  
  85  9:07  Marine  
  85  9:09  SCV, Marine  
  85  9:19  Marine  
  85  9:20  Supply Depot  
  85  9:21  Marine  
  87  9:24  Armory  
  87  9:25  Marine  
  87  9:27  Marine  
  89  9:37  Marine  
  90  9:39  Marine  
  90  9:43  Marine, Supply Depot  
  90  9:45  Marine  
  93  9:55  Marine  
  93  9:57  Marine  
  95  10:01  Marine  
  95  10:03  Marine  
  95  10:06  Supply Depot  
  97  10:13  Marine  
  98  10:14  Marine  
  98  10:19  Marine  
  98  10:20  Marine  
  101  10:28  Supply Depot  
  101  10:31  Terran Infantry Weapons Level 2  
  101  10:32  Marine, Terran Infantry Armor Level 2  
  102  10:41  Terran Vehicle And Ship Armor Level 1  
  102  10:49  Starport  
  102  10:51  Supply Depot  
  101  11:05  Bunker  
  101  11:08  Bunker  
  101  11:15  Supply Depot  
  100  11:27  Starport  
  100  11:40  Supply Depot  
  100  11:52  Bunker  
  100  11:55  Bunker  
  100  12:03  Supply Depot  
  100  12:25  Supply Depot  
  100  13:02  Missile Turret  
  100  13:09  Missile Turret  
  100  13:14  Command Center  
  100  13:24  Missile Turret  
  100  13:32  Missile Turret  
  100  14:17  Command Center  
  100  14:40  Terran Infantry Weapons Level 3  
  100  15:03  Terran Infantry Armor Level 3  
  100  17:40  Hi-Sec Auto Tracking  
  100  18:05  Command Center  
  100  18:07  Orbital Command  
Tags
 
Matchup
TvZ
Opening
Pool First
Replay Pack
Multiplayer
Spawn Locations
Cross Positions
Add a new tag
Caveats
  • Supply blocks, unpowered buildings, or Contaminate may cause inaccurate times.
  • Supply counts are checked every 10 seconds.